 Dungeon Crawl Stone Soup version 0.17-a0-1909-g0b14330 (webtiles) character file.

100 DecibelRebel the Sneak (level 4, 0/30 HPs)
             Began as a Vampire Enchanter on Sept 25, 2015.
             Killed by nerve-wracking pain
             ... invoked by an orc priest
              (14 damage)
             ... on level 3 of the Dungeon.
             The game lasted 00:07:09 (1690 turns).

DecibelRebel the Sneak (Vampire Enchanter)          Turns: 1690, Time: 00:07:09

Health: 0/30       AC:  5    Str:  7    XL:     4   Next: 46%
Magic:  0/7        EV: 12    Int: 17    God:
Gold:   184        SH:  0    Dex: 15    Spells: 2 memorised, 4 levels left

rFire  . . .     SeeInvis +     a - +1 dagger
rCold  + . .     Clarity  .     q - +0 robe (curse)
rNeg   + + .     SustAt   .     (no shield)
rPois  +         Gourm    .     (no helmet)
rElec  .         Spirit   .     (no cloak)
rCorr  .         Warding  .     (no gloves)
rMut   .         Stasis   .     i - +2 pair of boots
MR     .....                    (no amulet)
Stlth  ++++......               (no ring)
                                (no ring)

@: regenerating slowly, not resistant to hostile enchantments, stealthy
A: fangs 3, see invisible, unbreathing
a: Bat Form


You were on level 3 of the Dungeon.
You were thirsty.

You visited 1 branch of the dungeon, and saw 3 of its levels.

You collected 184 gold pieces.

Inventory:

Hand weapons
 a - a +1 dagger (weapon)
Armour
 b - a +1 robe
 i - a +2 pair of boots (worn)
 q - a cursed +0 robe (worn)
Scrolls
 g - 2 scrolls of fog {unknown}
 h - a scroll of recharging {unknown}
 k - 4 scrolls of identify {unknown}
 l - 3 scrolls of random uselessness {unknown}
 o - 2 scrolls of teleportation {unknown}
 p - 2 scrolls of enchant weapon {unknown}
 r - 3 scrolls of remove curse {unknown}
 s - a scroll of fear {unknown}
 u - a scroll of enchant armour {unknown}
Potions
 d - 9 potions of blood
 e - a potion of cure mutation {unknown}
 f - a potion of curing
 j - a potion of brilliance {unknown}
 m - 2 potions of mutation {unknown}
 n - a potion of heal wounds {unknown}
 t - a potion of resistance {unknown}
Books
 c - a book of Maledictions

   Spells                             Type                      Level
   a - Corona                         Hexes                        1
   b - Ensorcelled Hibernation        Hexes/Ice                    2
   c - Confuse                        Hexes                        3
   d - Tukima's Dance                 Hexes                        3
   e - Dazzling Spray                 Conjuration/Hexes            3


   Skills:
 + Level 2.5 Short Blades
 - Level 2.1 Dodging
 * Level 6.4 Stealth
 - Level 2.0 Spellcasting
 + Level 5.5 Hexes


You had 4 spell levels left.
You knew the following spells:

 Your Spells              Type           Power        Failure   Level  Hunger
a - Corona                Hex            ###....      1%          1    #......
b - Ensorcelled Hibernat  Hex/Ice        ##....       12%         2    ###....


Dungeon Overview and Level Annotations

Branches:
Dungeon (3/15)

Altars:
Makhleb
Vehumet
The Shining One


Innate Abilities, Weirdness & Mutations

You heal slowly.
You have razor-sharp teeth.
You have supernaturally acute eyesight.
You can survive without breathing.


Message History

The orc looks drowsy...
The helpless orc fails to defend itself.
You bite the orc, and draw its blood!
You feel better.
You feel slightly less thirsty.
You impale the orc!!
You kill the orc!
Casting: Ensorcelled Hibernation
Confirm with . or Enter, or press ? or * to list all spells.
Aiming: Ensorcelled Hibernation
Press: ? - help, Shift-Dir - straight line, f - orc priest
Aim: an orc priest, wielding a mace of protection and wearing a leather armour (moderately wounded, chance to defeat MR: 42%)
The orc priest resists with some effort.
The orc priest closely misses you.
You barely miss the orc priest.
The orc priest is moderately wounded.
The orc priest hits you with a mace of protection.
You hit the orc priest but do no damage.
The orc priest is moderately wounded.
The orc priest invokes the aid of Beogh against you.
Pain shoots through your body!
You die...

.#
############..........#
#.########## #.# #.#
######.# #......#
#.###### ###### #.#
......# #@# #...####o#
#).o...# #..[######
####


You could see an orc priest.

Vanquished Creatures
  A giant frog skeleton (D:3)
  Terence (D:2)
  2 worms
  3 orcs
  6 bats
  4 goblins
  5 hobgoblins
  2 jackals (D:2)
  A ball python (D:3)
  5 kobolds
  6 rats
36 creatures vanquished.

Notes
Turn   | Place    | Note
--------------------------------------------------------------
     0 | D:1      | DecibelRebel the Vampire Enchanter began the quest for the Orb.
     0 | D:1      | Reached XP level 1. HP: 13/13 MP: 3/3
   274 | D:1      | Reached XP level 2. HP: 19/19 MP: 5/5
   808 | D:2      | Found a radiant altar of Vehumet.
   808 | D:2      | Found a burning altar of Makhleb.
   812 | D:2      | Learned a level 2 spell: Ensorcelled Hibernation
   868 | D:2      | Found a glowing golden altar of the Shining One.
   888 | D:2      | Reached skill level 5 in Stealth
  1042 | D:2      | Noticed Terence
  1064 | D:2      | Killed Terence
  1064 | D:2      | Reached skill level 5 in Hexes
  1064 | D:2      | Reached XP level 3. HP: 21/24 MP: 3/6
  1342 | D:2      | Reached skill level 6 in Stealth
  1440 | D:3      | Reached XP level 4. HP: 20/30 MP: 7/7
  1690 | D:3      | Killed from afar by an orc priest

Vault maps used:
D:1:      dpeg_arrival_tiny_j
D:2:      gammafunk_temple_overflow_wave, nicolae_tso_swordbearing_angel,
          uniq_terence
D:3:      first_bread, uniq_crazy_yiuf_cottage

Action                   |  1- 3 |  4- 6 || total
-------------------------+-------+-------++-------
Melee: Dagger            |   108 |    20 ||   128
 Cast: Corona            |     3 |       ||     3
       Ensorcelled Hiber |     1 |     4 ||     5
  Use: Potion            |       |     2 ||     2
 Stab: Sleeping          |     8 |     4 ||    12
       Distracted        |     1 |       ||     1
